 Dungeon Crawl Stone Soup version 0.19.0-19-g8c6edcc (webtiles) character file.

9282 Lochraine the Frost Mage (level 11, -1/79 HPs)
             Began as a Merfolk Ice Elementalist on Nov 14, 2016.
             Was an Elder of Sif Muna.
             Killed from afar by Harold (21 damage)
             ... with a bolt of fire
             ... on level 1 of the Lair of Beasts.
             The game lasted 00:44:50 (15700 turns).

Lochraine the Frost Mage (MfIE)                    Turns: 15700, Time: 00:44:50

Health: -1/79      AC:  7    Str: 11    XL:     11   Next: 44%
Magic:  8/19       EV: 15    Int: 16    God:    Sif Muna [****..]
Gold:   742        SH:  4    Dex: 14    Spells: 7 memorised, 2 levels left

rFire  x . .     SeeInvis +     a - +10 hunting sling of Waor {flame, +Fly rPois rN+}
rCold  + . .     Gourm    .     K - +1 leather armour of Creativity {rElec rPois rF- SInv Stlth+}
rNeg   + . .     Faith    .     J - +0 buckler
rPois  +         Spirit   .     (no helmet)
rElec  +         Reflect  .     (no cloak)
rCorr  .         Harm     .     X - +2 pair of gloves
MR     .....                    (no boots)
Stlth  ++++......               (no amulet)
                                P - ring "Sotuuqiwn" {rC+ Stlth+}
                                D - ring of wizardry

@: no status effects
A: change form in water, swift swim, stealthy swim
a: Divine Energy, Channel Magic, Forget Spell, Renounce Religion, Evoke Flight


You were on level 1 of the Lair of Beasts.
You worshipped Sif Muna.
Sif Muna was greatly pleased with you.
You were near starving.

You visited 3 branches of the dungeon, and saw 14 of its levels.

You collected 742 gold pieces.

Inventory:

Hand Weapons
 a - the +10 hunting sling of Waor (weapon) {flame, +Fly rPois rN+}
   (You found it on level 8 of the Dungeon)

   It causes projectiles fired from it to burn those they strike, causing extra
   injury to most foes and up to half again as much damage against particularly
   susceptible opponents.
   It protects you from poison.
   It protects you from negative energy.
   It lets you fly.
 b - the +6 spear of Kyfaikh {protect, Dex+2}
   (You took it off a wight on level 11 of the Dungeon)

   It protects the one who uses it against injury (+AC on strike).
   It affects your dexterity (+2).
 G - a +2 falchion of holy wrath
 M - the +0 quarterstaff of the Unspeakable One {crush, rF+ Int+3}
   (You found it on level 4 of the Dungeon)

   It inflicts extra damage upon your enemies.
   It affects your intelligence (+3).
   It protects you from fire.
Missiles
 W - 162 arrows
 Y - 19 sling bullets (quivered)
 Z - 147 stones
Armour
 J - a +0 buckler (worn)
 K - the +1 leather armour of Creativity (worn) {rElec rPois rF- SInv Stlth+}
   (You found it on level 9 of the Dungeon)

   It makes you vulnerable to fire.
   It insulates you from electricity.
   It protects you from poison.
   It lets you see invisible.
   It makes you more stealthy.
 L - a +3 ring mail of magic resistance
 X - a +2 pair of gloves (worn)
Jewellery
 D - a ring of wizardry (left hand)
 P - the ring "Sotuuqiwn" (right hand) {rC+ Stlth+}
   (You found it on level 5 of the Dungeon)

   [ring of protection from cold]

   It protects you from cold.
   It makes you more stealthy.
 V - an uncursed ring of see invisible
Wands
 e - a wand of flame (19/48)
 k - a wand of iceblast (6/15)
 r - a wand of paralysis (24/24)
 Q - a wand of teleportation (1/9)
Scrolls
 d - 3 scrolls of enchant armour
 j - a scroll of amnesia
 l - a scroll of fear
 m - 2 scrolls of magic mapping
 n - 3 scrolls of teleportation
 v - 5 scrolls of remove curse
 w - a scroll of fog
 x - a scroll of recharging
 A - 2 scrolls of identify
Potions
 f - 2 potions of resistance
 g - 2 potions of agility {unknown}
 h - a potion of ambrosia {unknown}
 p - 2 potions of degeneration {unknown}
 s - a potion of might {unknown}
 t - 2 potions of curing
 u - 3 potions of haste {unknown}
 B - a potion of mutation {unknown}
 C - 3 potions of flight {unknown}
 F - 2 potions of brilliance
 H - a potion of magic {unknown}
 I - a potion of heal wounds
 N - a potion of berserk rage {unknown}
 T - a potion of lignification {unknown}
Books
 o - a book of Clouds

   Spells                             Type                      Level
   a - Mephitic Cloud                 Conjuration/Poison/Air       3
   b - Conjure Flame                  Conjuration/Fire             3
   c - Poisonous Cloud                Conjuration/Poison/Air       6
   d - Freezing Cloud                 Conjuration/Ice/Air          6
   e - Ring of Flames                 Charms/Fire                  7
 z - a book of Misfortune

   Spells                             Type                      Level
   a - Confusing Touch                Hexes                        1
   b - Confuse                        Hexes                        3
   c - Gell's Gravitas                Hexes/Translocation          3
   d - Petrify                        Transmutation/Earth          4
   e - Metabolic Englaciation         Hexes/Ice                    5
   f - Yara's Violent Unravelling     Hexes/Transmutation          5
 E - a book of Changes

   Spells                             Type                      Level
   a - Beastly Appendage              Transmutation                1
   b - Sticks to Snakes               Transmutation                2
   c - Spider Form                    Transmutation/Poison         3
   d - Ice Form                       Ice/Transmutation            4
   e - Blade Hands                    Transmutation                5
 S - a book of Callings

   Spells                             Type                      Level
   a - Summon Small Mammal            Summoning                    1
   b - Call Imp                       Summoning                    2
   c - Call Canine Familiar           Summoning                    3
   d - Summon Guardian Golem          Hexes/Summoning              3
   e - Summon Lightning Spire         Summoning/Air                4
   f - Summon Ice Beast               Ice/Summoning                4
Miscellaneous
 y - a box of beasts
Comestibles
 c - 13 bread rations
 i - 6 meat rations
 q - 4 fruits
 O - 2 royal jellies
 U - 3 beef jerkies


   Skills:
 - Level 5.1 Fighting
 - Level 4.7(6.7) Polearms
 - Level 4.2(4.6) Staves
 + Level 0.0 Slings
 - Level 1.9 Armour
 - Level 7.0 Dodging
 - Level 2.1 Stealth
 + Level 1.9 Shields
 + Level 5.8 Spellcasting
 - Level 6.5 Conjurations
 + Level 3.9 Summonings
 - Level 1.5 Transmutations
 - Level 8.1 Ice Magic
 - Level 7.2 Invocations


You had 2 spell levels left.
You knew the following spells:

 Your Spells              Type           Power        Failure   Level  Hunger
a - Freeze                Ice            ####         1%          1    None
b - Throw Frost           Conj/Ice       ####..       1%          2    #......
c - Ozocubu's Armour      Chrm/Ice       ###.....     6%          3    ##.....
d - Sticks to Snakes      Tmut           #.......     10%         2    #......
e - Conjure Flame         Conj/Fire      ###.....     9%          3    ##.....
f - Throw Icicle          Conj/Ice       ####....     6%          4    ####...
g - Summon Ice Beast      Ice/Summ       ###.....     10%         4    ####...


Dungeon Overview and Level Annotations

Branches:
Dungeon (12/15)            Temple (1/1) D:5            Lair (1/6) D:10
    Orc: D:9-12

Altars:
Ashenzari
Cheibriados
Dithmenos
Elyvilon
Fedhas
Gozag
Hepliaklqana
Kikubaaqudgha
Makhleb
Nemelex Xobeh
Okawaru
Qazlal
Ru
Sif Muna
Trog
Uskayaw
Vehumet
Xom
Yredelemnul
Zin
The Shining One

Shops:
D:11 }

Annotations:
Lair:1 Fannar, Harold


Message History

You shred the net and break free!
Your ice beast hits Harold but does no damage.
Harold throws a throwing net.
The throwing net barely misses your ice beast.
You block the throwing net.
Your ice beast hits Harold.
Your ice beast freezes Harold!
Your ice beast barely misses Harold.
Your ice beast hits Harold.
Your ice beast freezes Harold!
Harold says, "Let's make it quick, okay?
I've got mouths to feed."
Harold throws a throwing net.
The throwing net closely misses your ice beast.
The throwing net misses you.
Your ice beast hits Harold.
Your ice beast freezes Harold!
Your ice beast hits Harold.
Your ice beast freezes Harold.
Your ice beast hits Harold but does no damage.
Harold says to your ice beast, "Let's make it quick, okay?
I've got mouths to feed."
Harold points at your ice beast and mumbles some strange words.
The bolt of fire misses your ice beast. The bolt of fire hits you!
The fire burns you terribly!
You die...

######### ### #
#####P##P.P.#############P#######
......<....@Y.(.@.(..............
........(.YY.....................
.......(.........................
...........>.....................
.................♣♣.♣♣...........
.................♣♣≈P♣♣..........
.########P#..#♣#.♣≈≈♣♣♣###.##....
## ####.# ♣♣♣♣.♣♣ ####....
#.♣♣♣♣♣P≈P♣♣ #....


You could see Harold and 3 friendly ice beasts.

Vanquished Creatures
  A hill giant (D:11)
  A black mamba (Lair:1)
  A spiny frog (Lair:1)
  A two-headed ogre (D:9)
  2 hornets (D:11)
  A hippogriff (D:9)
  9 yaks (D:11)
  A spriggan (D:10)
  A wraith (D:11)
  A hungry ghost (D:7)
  A human (D:10)
  2 hell hounds (D:10)
  A water moccasin (Lair:1)
  2 black bears
  3 orc warriors
  2 phantoms
  An ice beast (D:8)
  7 ogres
  9 centaurs
  2 necrophages
  A gnoll sergeant (D:5)
  6 bullfrogs
  A big kobold (D:7)
  A wyvern zombie (D:11)
  A wyvern skeleton (D:8)
  5 scorpions
  9 wights
  4 howler monkeys
  6 crimson imps
  A bullfrog zombie (D:11)
  A centaur zombie (D:6)
  4 hounds
  A jelly (D:5)
  An orc priest (D:5)
  3 centaur skeletons
  9 orc wizards
  7 iguanas
  14 worker ants
  A hound zombie (D:6)
  2 worker ant zombies (D:11)
  6 gnolls (D:5)
  13 adders
  3 shadow imps
  An ooze (D:3)
  An adder zombie (D:9)
  An adder skeleton (D:8)
  6 worms
  A dart slug (D:1)
  2 leopard geckos
  35 orcs
  7 giant cockroaches
  7 goblins
  9 hobgoblins
  5 jackals
  2 quokkas
  2 bats (D:1)
  6 frilled lizards
  15 kobolds
  2 leopard gecko zombies
  A quokka skeleton (D:5)
  6 rats
258 creatures vanquished.

Vanquished Creatures (collateral kills)
  A yak (D:11)
1 creature vanquished.

Grand Total: 259 creatures vanquished

Notes
Turn   | Place    | Note
-------+----------+-------------------------------------------
     0 | D:1      | Lochraine the Merfolk Ice Elementalist began the quest for the Orb.
     0 | D:1      | Reached XP level 1. HP: 13/13 MP: 3/3
   244 | D:1      | Reached XP level 2. HP: 14/19 MP: 1/5
  1025 | D:2      | Reached skill level 4 in Ice Magic
  1027 | D:2      | Reached XP level 3. HP: 24/24 MP: 2/6
  1218 | D:2      | Found a shimmering altar of Xom.
  1553 | D:2      | Learned a level 2 spell: Throw Frost
  1581 | D:2      | Reached skill level 1 in Conjurations
  2552 | D:3      | Reached XP level 4. HP: 27/30 MP: 4/8
  3331 | D:3      | Reached XP level 5. HP: 35/35 MP: 7/9
  3669 | D:3      | Found a hazy altar of Hepliaklqana.
  3733 | D:3      | Found an opulent altar of Gozag.
  3734 | D:3      | Found a sparkling altar of Nemelex Xobeh.
  3771 | D:3      | Learned a level 3 spell: Ozocubu's Armour
  3924 | D:4      | Reached skill level 1 in Fighting
  3944 | D:4      | Reached XP level 6. HP: 44/44 MP: 2/11
  4236 | D:4      | Learned a level 2 spell: Sticks to Snakes
  4505 | D:4      | Reached skill level 1 in Transmutations
  4890 | D:4      | Got an encrusted quarterstaff
  4891 | D:4      | Identified the cursed +0 quarterstaff of the Unspeakable One {crush, rF+ Int+3} (You found it on level 4 of the Dungeon)
  4960 | D:4      | Reached XP level 7. HP: 37/51 MP: 12/12
  5015 | D:5      | Entered Level 5 of the Dungeon
  5100 | D:5      | Found a stormy altar of Qazlal.
  5100 | D:5      | Noticed a fire elemental
  5102 | D:5      | Noticed a water elemental
  5102 | D:5      | Noticed an air elemental
  5126 | D:5      | Reached skill level 1 in Staves
  5146 | D:5      | Reached skill level 5 in Dodging
  5221 | D:5      | Found a blossoming altar of Fedhas.
  5516 | D:5      | Found a staircase to the Ecumenical Temple.
  5535 | Temple   | Entered the Ecumenical Temple
  5772 | Temple   | Became a worshipper of Sif Muna the Loreminder
  6358 | D:5      | Reached skill level 5 in Ice Magic
  6358 | D:5      | Reached XP level 8. HP: 17/57 MP: 9/14
  7341 | D:5      | HP: 2/57 [phantom (8)]
  7572 | D:5      | Got a vibrating wooden ring
  7574 | D:5      | Identified the ring "Sotuuqiwn" {rC+ Stlth+} (You found it on level 5 of the Dungeon)
  7812 | D:6      | Reached * piety under Sif Muna
  7821 | D:6      | Found a glowing silver altar of Zin.
  8152 | D:6      | Reached skill level 6 in Ice Magic
  8180 | D:6      | Reached XP level 9. HP: 46/62 MP: 2/15
  8614 | D:7      | Found an ancient bone altar of Kikubaaqudgha.
  8699 | D:7      | Reached skill level 1 in Armour
  8699 | D:7      | Reached skill level 5 in Conjurations
  8803 | D:7      | Found a shadowy altar of Dithmenos.
  9641 | D:7      | Learned a level 3 spell: Conjure Flame
  9670 | D:7      | Reached ** piety under Sif Muna
  9884 | D:7      | Found a sacrificial altar of Ru.
  9901 | D:8      | Got an iridescent hunting sling
  9903 | D:8      | Identified the +10 hunting sling of Waor {flame, +Fly rPois rN+} (You found it on level 8 of the Dungeon)
 10000 | D:7      | Learned a level 4 spell: Throw Icicle
 10335 | D:8      | Reached skill level 5 in Spellcasting
 10597 | D:8      | Found a shattered altar of Ashenzari.
 10747 | D:9      | Got an ancient leather armour
 10758 | D:9      | Identified the +1 leather armour of Creativity {rElec rPois rF- SInv Stlth+} (You found it on level 9 of the Dungeon)
 10798 | D:9      | Reached XP level 10. HP: 73/73 MP: 16/18
 10919 | D:9      | Found a basalt altar of Yredelemnul.
 10921 | D:9      | Noticed a profane servitor
 11159 | D:9      | Found a glowing golden altar of the Shining One.
 11481 | D:9      | Noticed an angel
 11522 | D:10     | Entered Level 10 of the Dungeon
 11537 | D:10     | Found a staircase to the Lair.
 11548 | D:10     | Reached skill level 5 in Fighting
 11550 | D:10     | Reached *** piety under Sif Muna
 11801 | D:10     | Reached skill level 1 in Invocations
 12341 | D:10     | Noticed a gargoyle
 12520 | D:11     | Learned a level 4 spell: Summon Ice Beast
 12548 | D:11     | Reached skill level 7 in Ice Magic
 13013 | D:11     | Reached skill level 1 in Summonings
 13094 | D:11     | Found Jowaelas's Quality Used Wands.
 13566 | D:11     | Reached skill level 5 in Invocations
 13572 | D:11     | Got a slimy spear {protect}
 13573 | D:11     | Identified the +6 spear of Kyfaikh {protect, Dex+2} (You took it off a wight on level 11 of the Dungeon)
 13840 | D:11     | Reached skill level 1 in Polearms
 14126 | D:11     | Reached XP level 11. HP: 73/79 MP: 16/19
 14458 | D:11     | Reached skill level 8 in Ice Magic
 14797 | D:11     | Noticed a hill giant
 14827 | D:11     | Killed a hill giant
 14827 | D:11     | Reached **** piety under Sif Muna
 14971 | D:11     | Noticed a cyclops
 15065 | Lair:1   | Entered Level 1 of the Lair of Beasts
 15095 | Lair:1   | Reached skill level 1 in Shields
 15415 | Lair:1   | Noticed Fannar
 15590 | Lair:1   | Noticed Harold
 15700 | Lair:1   | Killed from afar by Harold

Skill      XL: |  1  2  3  4  5  6  7  8  9 10 11 |
---------------+----------------------------------+-----
Ice Magic      | 4 5 6 7 8 |  8.1
Conjurations   | 1 2 3 4 6 |  6.5
Spellcasting   | 3 4 5 |  5.8
Fighting       | 1 2 4 5 |  5.1
Dodging        | 3 4 5 6 7 |  7.0
Transmutations | 1 |  1.5
Staves         | 1 3 4 |  4.2
Armour         | 1 |  1.9
Invocations    | 5 7 |  7.2
Summonings     | 2 3 |  3.9
Polearms       | 2 4 |  4.7
Shields        | 1 |  1.9
Stealth        | |  2.1

Action                   |  1- 3 |  4- 6 |  7- 9 | 10-12 || total
-------------------------+-------+-------+-------+-------++-------
Melee: Club              |    26 |       |       |       ||    26
       Mace              |    68 |    48 |       |       ||   116
       Quarterstaff      |       |     3 |   290 |     5 ||   298
       Tailslap          |       |       |     1 |       ||     1
       Spear             |       |       |       |    71 ||    71
 Fire: Blowgun           |       |    37 |       |       ||    37
       Hunting sling     |       |       |    54 |   261 ||   315
 Cast: Freeze            |    32 |    70 |    72 |    31 ||   205
       Throw Frost       |       |     4 |    37 |     3 ||    44
       Ozocubu's Armour  |       |       |     1 |     2 ||     3
       Throw Icicle      |       |       |     1 |     3 ||     4
       Sticks to Snakes  |       |       |       |     3 ||     3
       Summon Ice Beast  |       |       |       |     4 ||     4
       Conjure Flame     |       |       |       |     2 ||     2
Evoke: Wand              |       |       |     4 |     3 ||     7
  Use: Scroll            |       |       |    10 |     6 ||    16
       Potion            |       |       |     2 |     3 ||     5
 Stab: Sleeping          |     7 |     1 |     7 |     1 ||    16
       Distracted        |       |       |     1 |       ||     1
  Eat: Chunk             |     5 |     8 |    19 |     9 ||    41
       Royal jelly       |       |       |     1 |     1 ||     2
       Pizza             |       |       |     1 |     2 ||     3
       Fruit             |       |       |       |     1 ||     1
Armor: Robe              |     9 |    14 |    13 |       ||    36
       Ring mail         |       |       |    67 |       ||    67
       Leather armour    |       |       |       |    43 ||    43
Dodge: Dodged            |    49 |    82 |   254 |   154 ||   539
Block: Buckler           |       |       |       |    17 ||    17
